 Dungeon Crawl Stone Soup version 0.18.1-8-gdd0e5ea (webtiles) character file.

92 Gagarin the Poker (level 4, -2/51 HPs)
             Began as a Merfolk Skald on June 1, 2016.
             Was an Initiate of Sif Muna.
             Killed by divine providence
             ... invoked by an orc priest
              (14 damage)
             ... on level 3 of the Dungeon.
             The game lasted 00:05:01 (2269 turns).

Gagarin the Poker (Merfolk Skald)                   Turns: 2269, Time: 00:05:02

Health: -2/51      AC: 22    Str: 12    XL:     4   Next: 60%
Magic:  5/7        EV:  2    Int: 12    God:    Sif Muna [......]
Gold:   115        SH:  0    Dex: 13    Spells: 2 memorised, 3 levels left

rFire  . . .     SeeInvis .     l - +0 trident
rCold  . . .     Gourm    .     (armour currently unavailable)
rNeg   + + +     Faith    .     (no shield)
rPois  +         Spirit   .     (helmet currently unavailable)
rElec  .         Dismiss  .     (cloak currently unavailable)
rCorr  .         Reflect  .     (gloves currently unavailable)
SustAt .         Harm     .     (boots currently unavailable)
MR     .....     NoTele   +     (no amulet)
Stlth  ++........               (no ring)
                                (no ring)

@: tree-form, not resistant to hostile enchantments, unstealthy
A: (change form in water), (swift swim)
a: Renounce Religion


You were on level 3 of the Dungeon.
You worshipped Sif Muna.
Sif Muna was noncommittal.
You were not hungry.
You were a tree.
You visited 1 branch of the dungeon, and saw 3 of its levels.

You collected 115 gold pieces.

Inventory:

Hand Weapons
 a - a +0 spear
 l - a +0 trident (weapon)
Missiles
 m - 3 tomahawks (quivered)
Armour
 b - a +0 leather armour (melded)
 g - a +1 helmet of see invisible (melded)
 i - a +2 cloak (melded)
Scrolls
 e - 3 scrolls of identify {unknown}
 j - 4 scrolls of remove curse {unknown}
 s - a scroll of recharging {unknown}
 v - a scroll of enchant armour {unknown}
 w - a scroll of noise {unknown}
Potions
 h - a potion of lignification
 k - a potion of mutation {unknown}
 n - a potion of brilliance {unknown}
 o - a potion of cure mutation {unknown}
 q - a potion of might {unknown}
 t - a potion of cancellation {unknown}
 u - a potion of heal wounds {unknown}
Books
 c - a book of Battle

   Spells                             Type                      Level
   a - Infusion                       Charms                       1
   b - Shroud of Golubria             Charms/Translocation         2
   c - Song of Slaying                Charms                       2
   d - Spectral Weapon                Hexes/Charms                 3
   e - Regeneration                   Charms/Necromancy            3
Comestibles
 d - 5 bread rations
 f - 7 fruits
 p - a chunk of flesh
 r - a meat ration


   Skills:
 + Level 2.7 Fighting
 + Level 4.2 Polearms
 + Level 1.4 Armour
 + Level 2.4 Dodging
 + Level 1.0 Stealth
 + Level 2.2 Spellcasting
 + Level 3.5 Charms


You had 3 spell levels left.
You knew the following spells:

 Your Spells              Type           Power        Failure   Level  Hunger
a - Infusion              Chrm           #...         8%          1    ##.....
b - Spectral Weapon       Hex/Chrm       #.......     43%         3    ####...


Dungeon Overview and Level Annotations

Branches:
Dungeon (3/15)

Altars:
Ashenzari
Cheibriados
Gozag
Okawaru
Sif Muna
Trog


Message History

You kill the adder!
Evoke which item? (* to show all) (? for menu, Esc to quit)
That item can only be evoked when wielded.
Evoke which item? (* to show all) (? for menu, Esc to quit)
Attack whom?
Press: ? - help, Dir - move target cursor, f - orc priest
Aim: an orc priest, wielding a club and wearing a leather armour You reach to attack!
You hit the orc priest but do no damage.
The orc priest calls upon Beogh to heal the orc.
The orc's wounds heal themselves!
The orc hits you but does no damage.
You completely miss the orc. The orc hits you but does no damage.
Some of the chunks of flesh in your inventory have rotted away.
You closely miss the orc. You puncture the orc!
You kill the orc!
You closely miss the orc. The orc hits you but does no damage.
The orc priest invokes the aid of Beogh against you.
Beogh smites you!
You die...

#.##...###.# #.# #.#
#######.##...# #.# #.#
#.# # #.......##...#
#.# #.# #.....
........##...###+###.#
#..###
........#####(.....♣#♣
...#
........#####.....###
...###
............#.......#
#.
............###.#...#
#.
.......>...oo♣.♣#.._#
+.
............#########
##.
...............♣#.._#
#..
................#...#
#..
...########.........#
#.. .. #.......### #.#
. #....##..♣ #
#....#####+#+##
#.............#


You could see an orc priest and an orc.

Vanquished Creatures
  4 adders
  2 dart slugs (D:1)
  A giant gecko (D:1)
  An orc (D:3)
  4 giant cockroaches
  7 goblins
  4 hobgoblins
  2 ball pythons
  6 bats
  6 giant newts
  7 kobolds
  3 rats
47 creatures vanquished.

Vanquished Creatures (others)
  A spectral weapon (D:3)
1 creature vanquished.

Grand Total: 48 creatures vanquished

Notes
Turn   | Place    | Note
--------------------------------------------------------------
     0 | D:1      | Gagarin the Merfolk Skald began the quest for the Orb.
     0 | D:1      | Reached XP level 1. HP: 16/16 MP: 3/3
   251 | D:1      | Reached XP level 2. HP: 20/23 MP: 5/5
   792 | D:1      | Reached XP level 3. HP: 28/28 MP: 6/6
   807 | D:1      | Learned a level 3 spell: Spectral Weapon
  1325 | D:2      | Reached skill level 1 in Armour
  1346 | D:2      | Reached skill level 4 in Polearms
  1428 | D:2      | Found a shattered altar of Ashenzari.
  1496 | D:2      | Found an iron altar of Okawaru.
  1497 | D:2      | Found a bloodstained altar of Trog.
  1676 | D:3      | Found a snail-covered altar of Cheibriados.
  1687 | D:3      | Reached XP level 4. HP: 34/34 MP: 7/7
  2051 | D:3      | Reached skill level 1 in Stealth
  2216 | D:3      | Found a deep blue altar of Sif Muna.
  2224 | D:3      | Became a worshipper of Sif Muna the Loreminder
  2235 | D:3      | Found an opulent altar of Gozag.
  2269 | D:3      | Killed from afar by an orc priest

Skill      XL: |  1  2  3  4 |
---------------+-------------+-----
Armour         | 1 |  1.4
Polearms       | 4 |  4.2
Dodging        | 2 |  2.4
Stealth        | 1 |  1.0
Fighting       | |  2.7
Spellcasting   | |  2.2
Charms         | |  3.5

Action                   |  1- 3 |  4- 6 || total
-------------------------+-------+-------++-------
Melee: Spear             |    90 |       ||    90
       Trident           |    40 |    54 ||    94
 Cast: Infusion          |     1 |       ||     1
       Spectral Weapon   |       |     1 ||     1
  Use: Potion            |       |     1 ||     1
 Stab: Sleeping          |     2 |     1 ||     3
  Eat: Chunk             |     3 |     2 ||     5
Armor: Leather armour    |    46 |    12 ||    58
       Skin              |       |     5 ||     5
Dodge: Dodged            |    71 |    27 ||    98
